 Dungeon Crawl Stone Soup version 0.22-a0-812-g4c1e2d5471 (webtiles) character file.

14 Htamos the Conjurer (level 2, -3/20 HPs)
             Began as a Draconian Conjurer on July 23, 2018.
             Slain by an orc
             ... wielding a +0 club
              (4 damage)
             ... on level 1 of the Dungeon.
             The game lasted 00:02:43 (631 turns).

Htamos the Conjurer (Draconian Conjurer)             Turns: 631, Time: 00:02:44

Health: -3/20      AC:  6    Str: 10    XL:     2   Next: 31%
Magic:  5/5        EV:  7    Int: 15    God:
Gold:   61         SH: 11    Dex: 11    Spells: 4/5 levels left

rFire    . . .     SeeInvis .   d - +0 spear
rCold    . . .     Gourm    .   j - +2 large shield
rNeg     . . .     Faith    .   (armour unavailable)
rPois    .         Spirit   .   (helmet restricted)
rElec    .         Reflect  .   g - +1 cloak
rCorr    .         Harm     .   (no gloves)
MR       .....                  (no boots)
Stlth    ++........             (no amulet)
HPRegen  0.06/turn              (no ring)
MPRegen  0.09/turn              (no ring)

@: about to teleport, slowed, very slow
A: unfitting armour, cold-blooded, AC +4
a: no special abilities


You were on level 1 of the Dungeon.
You were not hungry.

You visited 1 branch of the dungeon, and saw 2 of its levels.

You collected 61 gold pieces.

Inventory:

Hand Weapons
 d - a +0 spear (weapon)
Armour
 g - a +1 cloak (worn)
 j - a +2 large shield (worn)
Jewellery
 e - an uncursed ring of resist corrosion {unknown}
 i - an uncursed ring of protection from fire {unknown}
Scrolls
 a - 4 scrolls of identify
 f - a scroll of teleportation
 h - a scroll of remove curse
Comestibles
 b - a ration
 c - a chunk of flesh


   Skills:
 + Level 0.4 Polearms
 + Level 2.0 Dodging
 - Level 1.8 Stealth
 + Level 0.0 Shields
 * Level 2.3 Spellcasting
 + Level 4.1 Conjurations


You had 4 spell levels left.
You knew the following spells:

 Your Spells              Type           Power        Failure   Level  Hunger
a - Magic Dart            Conj           ##..         71%         1    #......

Your spell library contained the following spells:

 Spells                   Type           Power        Failure   Level  Hunger
 Iskenderun's Mystic Bla  Conj           ##......     100%        4    #####..
 Fulminant Prism          Conj/Hex       #.........   100%        4    #####..
 Dazzling Spray           Conj/Hex       #.....       100%        3    ###....
 Force Lance              Conj/Tloc      #.......     100%        4    #####..
 Searing Ray              Conj           ##....       83%         2    ###....


Dungeon Overview and Level Annotations

Branches:
Dungeon (2/15)

Altars:


Innate Abilities, Weirdness & Mutations

Your plain brown scales are hard. (AC +4)
You cannot fit into any form of body armour.
You are cold-blooded and may be slowed by cold attacks.


Message History

* * * LOW HITPOINT WARNING * * *
You aren't carrying any potions.
You block the orc's attack. The orc barely misses you.
The orc wizard points at you and mumbles some strange words.
The magic dart hits you!
* * * LOW HITPOINT WARNING * * *
You block the orc wizard's attack.
As you read the scroll labeled NOPRALEASI, it crumbles to dust.
You feel blessed for a moment.
It was a scroll of remove curse.
The orc wizard casts a spell at you.
You feel yourself slow down.
The orc wizard hits you but does no damage.
The orc barely misses you. The orc wizard hits you with a dagger.
* * * LOW HITPOINT WARNING * * *
As you read the scroll labeled APYMMUH CEDO, it crumbles to dust.
You feel strangely unstable.
It was a scroll of teleportation.
The orc wizard barely misses you. The orc hits you with a club.
You die...

.# ###..# #..........## #.....
.###....# ########....###.....
.##..##.##### #.......#.......
..รท.........# #.........#.....
.....>......# #.....>..#...###
#...........# #....[.....#####
(...........# #........#....##
............######.......#####.##
...............o@...#..#######...
...............o.................
.................................
..####..###.........####.........
...###...##..###...#####..#######
....##...###..........##.........
.##.##....###....................
.##.....#.....................<..
.###.............................


You could see an orc wizard and an orc.

Vanquished Creatures
  2 leopard geckos (D:1)
  A bat (D:1)
  2 giant cockroaches (D:1)
  A goblin (D:1)
  2 kobolds (D:1)
  2 frilled lizards (D:1)
  2 rats (D:1)
12 creatures vanquished.

Notes
Turn   | Place    | Note
-------+----------+-------------------------------------------
     0 | D:1      | Htamos the Draconian Conjurer began the quest for the Orb.
     0 | D:1      | Reached XP level 1. HP: 14/14 MP: 3/3
   334 | D:1      | Reached XP level 2. HP: 20/20 MP: 5/5
   630 | D:1      | HP: 1/20 [orc wizard/dagger (1)]
   631 | D:1      | Slain by an orc

Vault maps used:
D:1:      minmay_arrival_semitransparent
D:2:      supply_closet_lemuel

Skill      XL: |  1  2 |
---------------+-------+-----
Dodging        | 2 |  2.0
Polearms       | |  0.4
Stealth        | |  1.8
Spellcasting   | |  2.3
Conjurations   | |  4.1

Action                   || total
-------------------------++-------
Melee: Spear             ||    34
       Unarmed           ||    10
       Tailslap          ||     3
 Cast: Magic Dart        ||     4
  Use: Scroll            ||     3
Armor: Skin              ||    19
Dodge: Dodged            ||    26
Block: Large shield      ||    10

Table legend:
 A = Spawn XP
 B = Non-spawn XP
 C = Spawn XP percentage of total XP
 D = Spawn monster count
 E = Non-spawn monster count
 F = Spawn count percentage of total count
 G = Total turns spent on level
                    A         B        C        D         E        F      G
               +---------+---------+-------+---------+---------+-------+---------
         Total |       0 |      21 |   0.0 |       0 |      12 |   0.0 |   631
               +---------+---------+-------+---------+---------+-------+---------
           D:1 |       0 |      21 |   0.0 |       0 |      12 |   0.0 |   616
               +---------+---------+-------+---------+---------+-------+---------
